[Event "Serbian League 2024"]
[Site "Bajina Basta"]
[Date "2024.09.29"]
[Round "3.26"]
[White "Grigoryan, Karen H."]
[Black "Matlakov, Maxim"]
[Result "1-0"]
[ECO "A13"]
[WhiteElo "2569"]
[BlackElo "2636"]
[Annotator "TA"]
[PlyCount "77"]
[EventDate "2024.09.26"]
[EventType "team-tourn"]
[EventCountry "SRB"]
[SourceTitle "playchess.com"]
[Source "ChessBase"]
[SourceQuality "1"]
[TimeControl "40/5400+30:1800+30"]

1. Nf3 d5 2. e3 Nf6 3. c4 e6 4. b3 c5 5. Bb2 Nc6 6. cxd5 exd5 7. Bb5 Bd6 8. Nc3 O-O 9. d4 cxd4 10. Nxd4 {[%emt 0:00:31] The position is equal.} Nxd4 11. Qxd4 a6 12. Be2 Re8 13. O-O Be5 14. Qd2 Be6 15. f4 Bc7 16. Bf3 Qd6 17. Ne2 Qe7 18. Bd4 Ne4 {[%emt 0:08:25] [#]} (18... Bd6 $11 {remains equal.}) 19. Bxe4 $1 $16 dxe4 20. f5 Qd6 21. fxe6 Qxh2+ 22. Kf2 Qh4+ {[%emt 0:03:30] White now steadily converts the win.} (22... fxe6 $11 {keeps the balance.} 23. Ke1 Rac8) 23. g3 Qh2+ 24. Ke1 fxe6 25. Rc1 Rf8 {[%emt 0:02:31] [#]} (25... Bxg3+ $142 26. Nxg3 Qxg3+ 27. Qf2 Qxf2+ 28. Kxf2 (28. Rxf2 Rac8 $18) 28... Rad8) 26. Rxf8+ $1 $18 (26. Rxc7 Rxf1+ 27. Kxf1 Rf8+ 28. Nf4 (28. Ke1 $2 Qh1+) 28... Rxf4+ (28... Qxd2 $2 29. Rxg7+ Kh8 30. Rxb7+ $18) 29. gxf4 (29. Ke1 $2 Qh1+ 30. Ke2 Qf1#) 29... Qxd2 $19) 26... Rxf8 27. Qc3 (27. Rxc7 $2 Qh1+) 27... Rf7 (27... Bxg3+ $142 28. Kd1 e5 29. Nxg3 Qxg3 30. Qc4+ (30. Bxe5 Qg2 $11) 30... Kh8) 28. Qxc7 Rxc7 29. Rxc7 g6 30. Rxb7 {[%emt 0:01:35] aiming for a4.} Kf8 $2 (30... Qh5 31. Rd7 Qa5+ 32. Nc3 Qh5 33. Rg7+ (33. Nxe4 $2 Qh1+ 34. Kd2 Qxe4 $19) 33... Kf8) 31. Rb6 {[%emt 0:02:22][%csl LRa6,LRe6] White is clearly winning.} g5 (31... e5 $142) 32. Rxe6 h5 33. Rxa6 (33. Rxe4 $2 Qh1+ 34. Kd2 Qxe4 $19) 33... h4 34. gxh4 gxh4 35. Rh6 h3 36. Kd2 Qg2 37. Be5 Qg5 38. Bf4 ({Stronger than} 38. Rxh3 Qxe5 39. Nd4 Qa5+ 40. Kc1 Qxa2 $11) ({Not} 38. Bd6+ Kg8 39. Bf4 (39. Rxh3 Qd5+ 40. Nd4 Qxd6 $11) 39... Qg7 $18) 38... Qd5+ 39. Nd4 {[%emt 0:02:34] Weighted Error Value: White=0.26 (precise) /Black=0.49.  Mistake:       	---       	Black=6      Inaccurate:     	White=1     	Black=1      OK:         	White=10    	Black=7      Best:        	White=2     	Black=3      Strong:       	White=2     	---} 1-0

[Event "Serbian League 2024"]
[Site "Bajina Basta"]
[Date "2024.09.29"]
[Round "3.27"]
[White "Stojanovic, Mihajlo"]
[Black "Stankovic, Milos"]
[Result "1/2-1/2"]
[ECO "D30"]
[WhiteElo "2424"]
[BlackElo "2466"]
[Annotator "RC"]
[PlyCount "21"]
[EventDate "2024.09.26"]
[EventType "team-tourn"]
[EventCountry "SRB"]
[SourceTitle "playchess.com"]
[Source "ChessBase"]
[SourceQuality "1"]
[TimeControl "40/5400+30:1800+30"]

1. Nf3 e6 2. c4 Nf6 3. e3 d5 4. d4 a6 5. b3 b6 6. Bd3 Bd6 7. Nbd2 Bb7 8. O-O O-O 9. Qc2 dxc4 10. Nxc4 Bxf3 11. gxf3 1/2-1/2

[Event "Serbian League 2024"]
[Site "Bajina Basta"]
[Date "2024.09.29"]
[Round "3.28"]
[White "Tadic, Stefan"]
[Black "Nestorovic, Nikola"]
[Result "1/2-1/2"]
[ECO "B70"]
[WhiteElo "2440"]
[BlackElo "2458"]
[Annotator "RC"]
[PlyCount "88"]
[EventDate "2024.09.26"]
[EventType "team-tourn"]
[EventCountry "SRB"]
[SourceTitle "playchess.com"]
[Source "ChessBase"]
[SourceQuality "1"]
[TimeControl "40/5400+30:1800+30"]

1. e4 c5 2. Nf3 d6 3. d4 cxd4 4. Nxd4 Nf6 5. Nc3 Nc6 6. Bg5 g6 7. Bc4 Bg7 8. Nxc6 bxc6 9. O-O O-O 10. Re1 h6 11. Bh4 Nd7 12. Qd2 a5 13. Rad1 a4 14. b3 Ne5 15. Be2 axb3 16. axb3 g5 17. Bg3 Qa5 18. Na4 Qxd2 19. Rxd2 Be6 20. f3 Rfb8 21. Bf2 c5 22. g3 Nc6 23. f4 Nd4 24. Bd1 Ra5 25. e5 gxf4 26. gxf4 Bf5 27. Nc3 dxe5 28. Nd5 Kf8 29. fxe5 Rd8 30. Nxe7 Bxc2 31. Nc6 Nxc6 32. Rxc2 Ra1 33. Bh5 Rxe1+ 34. Bxe1 Nxe5 35. Rxc5 Nd3 36. Ba5 Nxc5 37. Bxd8 Nxb3 38. Kg2 Nd4 39. Bb6 Ne6 40. Bg4 Be5 41. Bxe6 fxe6 42. h3 Kf7 43. Kf3 Kg6 44. Ke4 Bf6 1/2-1/2

[Event "Serbian League 2024"]
[Site "Bajina Basta"]
[Date "2024.09.29"]
[Round "3.29"]
[White "Todorovic, Goran M"]
[Black "Ratkovic, Milovan"]
[Result "0-1"]
[ECO "B94"]
[WhiteElo "2289"]
[BlackElo "2429"]
[Annotator "TA"]
[PlyCount "64"]
[EventDate "2024.09.26"]
[EventType "team-tourn"]
[EventCountry "SRB"]
[SourceTitle "playchess.com"]
[Source "ChessBase"]
[SourceQuality "1"]
[TimeControl "40/5400+30:1800+30"]

1. e4 c5 2. Nf3 d6 3. d4 cxd4 4. Nxd4 Nf6 5. Nc3 a6 6. Bg5 Nbd7 7. Bc4 Qb6 8. Bb3 e6 9. Bxf6 Nxf6 {[%emt 0:00:53] The position is equal.} 10. Qd2 Nd7 11. O-O-O Nc5 12. Rhe1 Bd7 13. f4 O-O-O 14. Kb1 Kb8 15. f5 Rc8 16. fxe6 fxe6 17. e5 Nxb3 18. axb3 d5 19. Qg5 ({White should try} 19. Nxd5 $1 $14 exd5 20. e6) 19... Bc5 $11 20. Qxg7 Rhd8 21. Nce2 a5 (21... Bb5 $14) 22. Qxh7 $16 a4 23. bxa4 (23. Rf1 $16) 23... Bxa4 $14 24. Qd3 Rg8 $1 25. Nc3 Be8 {[%emt 0:02:03][%cal Oe8g6] And now ...Bg6! would win. A strong pair of Bishops.} 26. Nce2 $2 (26. Re2 $1 $11) 26... Bg6 $1 $40 {[%emt 0:02:58][%mdl 128] Black attacks with force.} (26... Rxg2 27. Nf4 Bxd4 28. Qxd4 Qxd4 29. Rxd4 Rgxc2 30. Rb4 $11) 27. Qh3 Bxd4 28. Nxd4 {[%emt 0:00:25][%cal Oh3a3] [#] aiming for Qa3!} Rc4 $1 29. Qe3 $2 {[%emt 0:01:14] [#]} (29. Qxe6 $2 {perishes.} Bxc2+ 30. Nxc2 Qxe6 $19) (29. Re2 {was called for.} Rxd4 30. Rxd4 Qxd4 31. Qxe6) 29... Rgc8 $1 {[%emt 0:00:04][%cal Oc4d4] White must now prevent ...Rxd4!} 30. Re2 $2 {[%emt 0:01:24] [#]} (30. Rd2 Rxd4 31. b3 (31. Rxd4 Rxc2 32. Qa3 Rc3+ 33. Ka2 Rxa3+ 34. bxa3 Qxd4 35. Rc1 Qd2+ 36. Kb3 Qxc1 37. a4 Bc2+ 38. Kc3 Bb1+ 39. Kb3 Qc4+ 40. Kb2 Qc2+ 41. Ka3 Qc3#)) 30... Rxc2 $3 {[%emt 0:04:05][%mdl 512] Black is clearly winning.} 31. Nxc2 Bxc2+ 32. Kc1 Bf5+ {[%emt 0:01:37] Weighted Error Value: White=0.72/Black=0.07 (flawless) .  Loses game:     	White=1     	---        Mistake:       	White=4     	Black=1      Inaccurate:     	White=1     	Black=2      OK:         	White=7     	Black=7      Best:        	White=2     	---        Strong:       	---       	Black=4      Brilliant:      	---       	Black=1} (32... Bxd1+ 33. Kxd1 d4 34. Qd3 $11) 0-1

[Event "Serbian League 2024"]
[Site "Bajina Basta"]
[Date "2024.09.29"]
[Round "3.30"]
[White "Tadic, Branko"]
[Black "Arsovic, Goran"]
[Result "1-0"]
[ECO "A16"]
[WhiteElo "2424"]
[BlackElo "2356"]
[Annotator "TA"]
[PlyCount "51"]
[EventDate "2024.09.26"]
[EventType "team-tourn"]
[EventCountry "SRB"]
[SourceTitle "playchess.com"]
[Source "ChessBase"]
[SourceQuality "1"]
[TimeControl "40/5400+30:1800+30"]

1. Nf3 Nf6 2. c4 g6 3. g3 d6 4. Nc3 Bg7 5. Bg2 c6 6. d4 Bf5 7. Be3 Ne4 8. Rc1 {[%emt 0:10:59][%cal Ba1c1,Bc1c3,Bc3a3][%mdl 32] The position is equal.} Nxc3 9. Rxc3 Be4 10. Qc1 Qa5 11. O-O O-O 12. Ra3 Qb6 13. Rb3 Qa6 14. Bh3 Bxf3 $1 15. exf3 e6 {[%emt 0:02:32] [#]} (15... b6 $14) 16. Ra3 $1 $18 Qb6 17. d5 $36 {[%emt 0:00:15][%mdl 2048] White is on the roll.} Qd8 (17... c5 {keeps fighting.}) 18. dxe6 ({Inferior is} 18. Rxa7 Rxa7 19. Bxa7 exd5 $14) 18... fxe6 19. Bxe6+ ({Much less strong is} 19. Bxa7 Qe7 20. Re1 e5 $18) 19... Kh8 20. Rd3 {[%emt 0:08:22] aiming for Rfd1.} Qe7 21. Bg4 {[%emt 0:02:46] Re1 is the strong threat. This pair of bishops is nice.} Na6 22. Rfd1 h5 23. Bh3 Rfd8 24. Qd2 d5 25. cxd5 cxd5 26. Rxd5 {[%emt 0:02:12] Weighted Error Value: White=0.04 (flawless) /Black=0.32.  Mistake:       	---       	Black=2      Inaccurate:     	---       	Black=2      OK:         	White=7     	Black=5      Best:        	White=1     	Black=1      Strong:       	White=1     	Black=1} 1-0

[Event "Serbian League 2024"]
[Site "Bajina Basta"]
[Date "2024.09.29"]
[Round "3.31"]
[White "Visakh N R"]
[Black "Tarhan, Adar"]
[Result "1/2-1/2"]
[ECO "A79"]
[WhiteElo "2504"]
[BlackElo "2474"]
[Annotator "RC"]
[PlyCount "178"]
[EventDate "2024.09.26"]
[EventType "team-tourn"]
[EventCountry "SRB"]
[SourceTitle "playchess.com"]
[Source "ChessBase"]
[SourceQuality "1"]
[TimeControl "40/5400+30:1800+30"]

1. d4 Nf6 2. c4 e6 3. Nf3 c5 4. d5 exd5 5. cxd5 d6 6. e4 g6 7. Nfd2 Bg7 8. Be2 O-O 9. O-O Re8 10. Nc3 Na6 11. f3 Nc7 12. a4 b6 13. Kh1 Rb8 14. Nb5 a6 15. Na7 Bb7 16. Nc4 Ncxd5 17. exd5 Nxd5 18. Bd3 Nb4 19. Bf4 Be5 20. Bxe5 dxe5 21. Be4 Bxe4 22. Qxd8 Rexd8 23. fxe4 Rb7 24. Nc8 Rxc8 25. Nd6 Rcc7 26. Nxb7 Rxb7 27. Rad1 b5 28. axb5 axb5 29. b3 Kg7 30. Rd8 Nc2 31. Rc8 c4 32. bxc4 bxc4 33. h3 Ne3 34. Re1 Rb3 35. Kg1 Rd3 36. Rc7 c3 37. Kf2 Nd1+ 38. Kg1 Kh6 39. Rf1 c2 40. Rxc2 Ne3 41. Rc5 Nxf1 42. Kxf1 f6 43. Kf2 Kg5 44. g3 Ra3 45. Rc7 Ra4 46. Kf3 Kh6 47. Rc6 Ra1 48. Kf2 Kg5 49. Rc7 h6 50. Rc6 Ra4 51. Kf3 f5 52. h4+ Kh5 53. exf5 gxf5 54. Rc5 Ra3+ 55. Kf2 Kg4 56. Rxe5 Rf3+ 57. Ke2 Rxg3 58. Re8 Rg2+ 59. Kf1 Ra2 60. Rf8 f4 61. Rg8+ Kf3 62. Kg1 Ra6 63. Kh2 Re6 64. Ra8 Kf2 65. Ra2+ Re2 66. Ra1 f3 67. h5 Rd2 68. Kh3 Rd5 69. Ra2+ Ke3 70. Ra3+ Ke2 71. Ra2+ Rd2 72. Ra1 Ke3 73. Ra3+ Kf2 74. Ra1 Re2 75. Kh2 Re5 76. Ra2+ Ke3 77. Ra3+ Kf4 78. Ra4+ Re4 79. Ra6 Re2+ 80. Kg1 Kg5 81. Rg6+ Kxh5 82. Rg3 Re1+ 83. Kf2 Ra1 84. Rxf3 Kg4 85. Rb3 h5 86. Kg2 Ra2+ 87. Kg1 h4 88. Rb4+ Kg3 89. Rb3+ Kg4 1/2-1/2

[Event "Serbian League 2024"]
[Site "Bajina Basta"]
[Date "2024.09.29"]
[Round "3.32"]
[White "Celik, Hasan Huseyin"]
[Black "Vignesh N R"]
[Result "1/2-1/2"]
[ECO "A28"]
[WhiteElo "2425"]
[BlackElo "2511"]
[Annotator "TA"]
[PlyCount "45"]
[EventDate "2024.09.26"]
[EventType "team-tourn"]
[EventCountry "SRB"]
[SourceTitle "playchess.com"]
[Source "ChessBase"]
[SourceQuality "1"]
[TimeControl "40/5400+30:1800+30"]

1. c4 Nf6 2. Nc3 e5 3. Nf3 Nc6 4. e3 Bb4 5. Qc2 Bxc3 6. Qxc3 Qe7 7. a3 a5 8. b4 axb4 9. axb4 Rxa1 10. Qxa1 e4 11. b5 exf3 12. bxc6 {[#] And now Qa8 would win.} fxg2 13. cxd7+ Qxd7 14. Bxg2 O-O 15. Bb2 Rd8 16. O-O Qxd2 (16... Ne8 {simplifies} 17. d4 Nd6 18. d5 f6) 17. Bxf6 gxf6 18. Qxf6 {[%emt 0:00:30] [#] Bd5 is the strong threat.} Qd6 19. Qg5+ Kf8 $1 20. Qh4 Kg7 21. Qg5+ Kf8 $1 22. Qh4 Kg7 23. Qg5+ {[%emt 0:00:30] A rather calm draw.   Weighted Error Value: White=0.08 (flawless) /Black=0.01 (flawless) .  OK:         	White=6     	Black=7      Best:        	White=2     	---        Strong:       	---       	Black=2} 1/2-1/2

[Event "Serbian League 2024"]
[Site "Bajina Basta"]
[Date "2024.09.29"]
[Round "3.33"]
[White "Milanovic, Danilo"]
[Black "Kovacevic, Aleksandar"]
[Result "1/2-1/2"]
[ECO "E51"]
[WhiteElo "2442"]
[BlackElo "2479"]
[Annotator "TA"]
[PlyCount "124"]
[EventDate "2024.09.26"]
[EventType "team-tourn"]
[EventCountry "SRB"]
[SourceTitle "playchess.com"]
[Source "ChessBase"]
[SourceQuality "1"]
[TimeControl "40/5400+30:1800+30"]

1. d4 Nf6 2. c4 e6 3. Nc3 Bb4 4. e3 O-O 5. Bd2 d5 6. Nf3 b6 7. cxd5 exd5 8. Rc1 a6 9. Bd3 Bd6 (9... Nbd7 {is interesting.} 10. Qb3 c5 11. Nxd5 Bxd2+ 12. Nxd2 cxd4 13. exd4 Nxd5 14. Qxd5 Nc5) 10. Ne5 Bb7 11. O-O c5 12. f4 cxd4 13. exd4 Nc6 14. Be3 Rc8 15. Rf3 Ne4 16. Rh3 $16 (16. Nxd5 $6 Nxe5 17. dxe5 Rxc1 18. Qxc1 Bxd5 $11) 16... g6 {[%emt 0:00:30] Prevents Qh5} 17. Nxe4 (17. Nxd5 Bxe5 18. Bxe4 Bg7) 17... dxe4 18. Bxe4 Na5 (18... Nxe5 $142 19. Bxb7 Rxc1 20. Bxc1 Ng4 21. Qxg4 Qc7) 19. Bxb7 Nxb7 20. Rf3 {[%emt 0:00:30] White is much more active.} Qe7 21. Nc6 ({White should play} 21. Ng4) 21... Qe4 22. d5 Nc5 23. Qd4 Qf5 {[%emt 0:00:30] Prevents Qf6} 24. b4 {[%emt 0:00:30] Black is weak on the dark squares} Nd7 25. Rd1 (25. Bd2 $16) 25... Rfe8 $14 26. Qd3 (26. h3 {is more complex.} a5 27. bxa5 bxa5 28. g4) 26... Qxd3 27. Rxd3 Nf6 28. Bxb6 Nxd5 29. Rxd5 Rxc6 30. Bc5 Bxc5+ 31. Rxc5 {[%emt 0:00:30][%cal Bd5c5,Bc5c2,Bc2e2][%mdl 4128] Endgame. KRR-KRR} Rd6 32. Rc2 Re4 33. a3 Red4 34. Re2 Kg7 35. Kf2 a5 36. bxa5 R6d5 ({Don't do} 36... R4d5 37. a6 $11) 37. g3 Rxa5 38. Rb3 Ra7 39. Kf3 Rda4 40. Ree3 h5 41. Red3 R7a6 42. Ke3 Kf6 43. Kf2 R4a5 44. Kg2 Ra7 45. Kh3 Kg7 46. Kh4 Ra4 47. Rf3 Kh6 {[%emt 0:00:30] [#] Strongly threatening ...g5+.} 48. Kh3 Kg7 49. Kg2 R7a6 50. Rfc3 Ra7 51. Kf2 Kf6 52. Re3 R7a6 53. Ke2 R4a5 54. Red3 Kf5 55. Kf3 Kf6 56. Kg2 Kg7 57. Rdc3 Ra4 58. Kf3 Kf6 59. h3 Kg7 {[%emt 0:00:30] The position is equal.} 60. g4 hxg4+ 61. hxg4 g5 62. fxg5 Kg6 {[%emt 0:00:30] Blacks defense is rewarded with a draw.   Weighted Error Value: White=0.09 (flawless) /Black=0.09 (flawless) .  Mistake:       	White=2     	Black=2      Inaccurate:     	White=4     	Black=4      OK:         	White=18    	Black=24     Best:        	---       	Black=2} 1/2-1/2

[Event "Serbian League 2024"]
[Site "Bajina Basta"]
[Date "2024.09.29"]
[Round "3.34"]
[White "Brenjo, Slavisa"]
[Black "Spasic, Petar"]
[Result "1-0"]
[ECO "B70"]
[WhiteElo "2376"]
[BlackElo "2304"]
[Annotator "RC"]
[PlyCount "139"]
[EventDate "2024.09.26"]
[EventType "team-tourn"]
[EventCountry "SRB"]
[SourceTitle "playchess.com"]
[Source "ChessBase"]
[SourceQuality "1"]
[TimeControl "40/5400+30:1800+30"]

1. e4 c5 2. Nf3 g6 3. d4 cxd4 4. Nxd4 Nf6 5. Nc3 d6 6. Be2 Nc6 7. Nb3 Bg7 8. O-O O-O 9. Bg5 Be6 10. Kh1 a6 11. f4 b5 12. Bf3 Rc8 13. Nd5 Bxd5 14. exd5 Na5 15. Qe2 Nc4 16. c3 Qb6 17. Nd4 Rfe8 18. a4 Qb7 19. axb5 axb5 20. b3 Nb6 21. Nxb5 Qb8 22. Rad1 Nbd7 23. c4 Nc5 24. Rb1 Nfd7 25. Bh4 Kh8 26. Bf2 e6 27. dxe6 Rxe6 28. Qd1 Nf6 29. f5 gxf5 30. Nd4 Nfe4 31. Nxe6 Nxf2+ 32. Rxf2 fxe6 33. b4 Nd7 34. c5 d5 35. Rc2 Ne5 36. b5 Nc4 37. Rxc4 dxc4 38. c6 Qb6 39. Qd7 Rd8 40. Qxe6 Qc5 41. b6 c3 42. c7 Rf8 43. Qc6 Qxc6 44. Bxc6 Be5 45. Rc1 Bxc7 46. bxc7 Rc8 47. Rxc3 Rxc7 48. g3 Kg7 49. Kg2 h5 50. h4 Kf6 51. Kf3 Rc8 52. Kf4 Rd8 53. Rc4 Rd1 54. Bf3 Rf1 55. Rc6+ Kg7 56. Ke3 Kh7 57. Rf6 Rg1 58. Kf4 Kg7 59. Rxf5 Ra1 60. Rg5+ Kh8 61. Rxh5+ Kg7 62. Rc5 Kh8 63. g4 Kg7 64. g5 Ra7 65. Be4 Rf7+ 66. Bf5 Rf8 67. h5 Kh8 68. g6 Rb8 69. h6 Re8 70. Rc8 1-0

[Event "Serbian League 2024"]
[Site "Bajina Basta"]
[Date "2024.09.29"]
[Round "3.35"]
[White "Jovanovic, Dusan D"]
[Black "Omorjan, Dejan"]
[Result "0-1"]
[ECO "A21"]
[WhiteElo "2372"]
[BlackElo "2299"]
[Annotator "RC"]
[PlyCount "80"]
[EventDate "2024.09.26"]
[EventType "team-tourn"]
[EventCountry "SRB"]
[SourceTitle "playchess.com"]
[Source "ChessBase"]
[SourceQuality "1"]
[TimeControl "40/5400+30:1800+30"]

1. c4 e5 2. e3 d6 3. Nc3 g6 4. g3 Bg7 5. Bg2 f5 6. Nge2 Nf6 7. d3 O-O 8. O-O c6 9. b3 Be6 10. Bb2 Bf7 11. Qd2 Na6 12. Rab1 Qd7 13. Ba3 Rad8 14. Rfd1 Rfe8 15. b4 Nc7 16. b5 Ne6 17. bxc6 bxc6 18. Qc2 f4 19. exf4 exf4 20. Qa4 fxg3 21. hxg3 d5 22. cxd5 cxd5 23. Qxd7 Rxd7 24. Nb5 Red8 25. Rdc1 Ng4 26. Bh3 h5 27. Bb2 d4 28. Bg2 a6 29. Na3 Ne5 30. Be4 Ng5 31. f4 Nxe4 32. fxe5 Nd2 33. Ra1 Nf3+ 34. Kg2 Nxe5 35. Rd1 Ng4 36. Re1 Bd5+ 37. Kg1 Ne5 38. Red1 Bf3 39. Rd2 Bxe2 40. Rxe2 Nxd3 0-1

[Event "Serbian League 2024"]
[Site "Bajina Basta"]
[Date "2024.09.29"]
[Round "3.36"]
[White "Pajcin, Lav"]
[Black "Pavlovic, Goran"]
[Result "1/2-1/2"]
[ECO "A55"]
[WhiteElo "2242"]
[BlackElo "2337"]
[Annotator "RC"]
[PlyCount "119"]
[EventDate "2024.09.26"]
[EventType "team-tourn"]
[EventCountry "SRB"]
[SourceTitle "playchess.com"]
[Source "ChessBase"]
[SourceQuality "1"]
[TimeControl "40/5400+30:1800+30"]

1. d4 Nf6 2. c4 d6 3. Nc3 Nbd7 4. Nf3 e5 5. e4 Be7 6. Be2 O-O 7. O-O c6 8. Be3 Qc7 9. Qc2 Re8 10. d5 a5 11. a3 Nb6 12. b4 Bg4 13. c5 Nbd7 14. dxc6 bxc6 15. cxd6 Bxd6 16. bxa5 Qxa5 17. a4 Bb4 18. Rfc1 Nf8 19. Nd1 Rac8 20. Nb2 Bxf3 21. Bxf3 Ne6 22. Nc4 Qc7 23. Qb2 Bc5 24. Qxe5 Bxe3 25. Qxc7 Bxf2+ 26. Kxf2 Rxc7 27. e5 Nd7 28. a5 Nd4 29. Rcb1 Kf8 30. a6 Ra8 31. Ra5 Ke7 32. Be4 Raa7 33. Nd6 g6 34. Ke3 Ne6 35. Nc4 Nec5 36. Kd4 Nxe4 37. Kxe4 Rxa6 38. Rxa6 Nc5+ 39. Kd4 Nxa6 40. Rb6 Nb4 41. Kc5 Nd3+ 42. Kd4 Nf4 43. g3 Ne6+ 44. Ke4 Nc5+ 45. Kd4 Ne6+ 46. Ke4 Kd7 47. Rb2 Ra7 48. Rd2+ Ke7 49. Rd6 Ra6 50. h4 h5 51. Ke3 Ng7 52. Kf4 Nf5 53. Rf6 Ra4 54. Rxc6 Nd4 55. Rc7+ Kd8 56. Rd7+ Kxd7 57. Nb6+ Ke6 58. Nxa4 Kd5 59. Nb6+ Kc5 60. Nd7+ 1/2-1/2